 Dungeon Crawl Stone Soup version 0.28.0-43-g3370ac3207 (webtiles) character file.

Game seed: 3626397605126618019

4204 bnorton916 the Protected (level 10, 0/63 HPs)
             Began as a Barachi Ice Elementalist on Mar 20, 2022.
             Slain by a vault guard
             ... wielding a +0 broad axe
              (15 damage)
             ... in a bailey.
             The game lasted 00:18:51 (11673 turns).

bnorton916 the Protected (BaIE)                    Turns: 11673, Time: 00:18:52

Health: 0/63       AC: 18    Str:  9    XL:     10   Next: 29%
Magic:  3/16       EV: 10    Int: 19    God:
Gold:   354        SH:  0    Dex: 14    Spells: 6/17 levels left

rFire   + . .      SeeInvis .   t - +10 spear "Wuluemud" {vorpal, rF+}
rCold   . . .      Faith    .   (no shield)
rNeg    . . .      Spirit   .   a - +0 scale mail
rPois   .          Reflect  .   s - +1 helmet
rElec   .          Harm     .   i - +2 cloak {rCorr}
rCorr   +          Rampage  .   F - +0 pair of gloves
Will    .....                   (no boots)
Stlth   +.........              (no amulet)
HPRegen 0.20/turn               (no ring)
MPRegen 0.15/turn               (no ring)

@: ice-armoured, unable to hop, freezing walls, very slightly contaminated, slow
A: amphibious, slowness 1, strong legs 1, +LOS
a: Hop


You were in a bailey.
You visited 1 branch of the dungeon, and saw 7 of its levels.
You also visited: Bailey.

You collected 354 gold pieces.

Inventory:

Hand Weapons
 g - a +4 scimitar
 j - a +0 mace of protection
 t - the +10 spear "Wuluemud" (weapon) {vorpal, rF+}
   (You found it on level 4 of the Dungeon)

   It inflicts extra damage upon your enemies.
   rF:        It protects you from fire.
 C - a +2 long sword
 E - a +0 whip of venom
Missiles
 f - 151 stones (quivered)
 y - a curare-tipped dart
 D - a throwing net
Armour
 a - a +0 scale mail (worn)
 i - a +2 cloak of preservation (worn)
 s - a +1 helmet (worn)
 F - a +0 pair of gloves (worn)
Jewellery
 e - a ring of ice
Wands
 l - a wand of charming (9)
 w - a wand of flame (10)
Scrolls
 b - 3 scrolls of brand weapon
 c - a scroll of fog
 n - a scroll of vulnerability
 p - a scroll of enchant armour
Potions
 d - 3 potions of lignification
 h - 4 potions of attraction
 k - 5 potions of brilliance
 o - 2 potions of curing
 r - a potion of degeneration {unknown}
 v - a potion of invisibility {unknown}
 x - 2 potions of cancellation
 z - a potion of flight {unknown}
 A - a potion of might {unknown}
 B - 2 potions of mutation


   Skills:
 - Level 6.4 Long Blades
 + Level 9.3 Armour
 - Level 6.4 Dodging
 - Level 1.7 Stealth
 - Level 4.4 Spellcasting
 + Level 8.5 Conjurations
 - Level 6.8 Ice Magic


You had 6 spell levels left.
You knew the following spells:

 Your Spells              Type           Power      Damage    Failure   Level
a - Freeze                Ice            100%       1d11      4%          1
b - Frozen Ramparts       Ice            60%        1d8       13%         3
c - Ozocubu's Armour      Ice            30%        N/A       13%         3
d - Hailstorm             Conj/Ice       33%        3d8       30%         4

Your spell library contained the following spells:

 Spells                   Type           Power      Damage    Failure   Level


Dungeon Overview and Level Annotations

Branches:
Dungeon (7/15)             Temple (0/1) D:7          Bailey (1/1)

Altars:
Dithmenos
Fedhas
Nemelex Xobeh
Trog
Uskayaw
Yredelemnul


Innate Abilities, Weirdness & Mutations

You are amphibious.
You cover ground slowly.
You can hop short distances.
You have an extended range of vision and can be seen from far away.


Message History

Things that are here:
a +0 leather armour; a +0 broad axe; a +0 plate armour You close the door, pushing everything out of the way.
Things that are here:
a +0 plate armour; a +0 leather armour A vault guard opens the door.
Casting: Ozocubu's Armour (dangerous; 13% risk of failure)
Confirm with . or Enter, or press ? or * to list all spells.
Casting: Frozen Ramparts (dangerous; 13% risk of failure)
Press: ? - help, Dir - look around, f - activate You miscast Frozen Ramparts.
You are very lightly contaminated with residual magic.
Nothing appears to happen.
Casting: Frozen Ramparts (dangerous; 13% risk of failure)
Confirm with . or Enter, or press ? or * to list all spells.
Casting: Frozen Ramparts (dangerous; 13% risk of failure)
Press: ? - help, Dir - look around, f - activate The walls around you are covered in ice.
As you read the scroll labelled SYEBRER TYRI, it crumbles to dust.
It is a scroll of enchant armour.
Your +0 helmet glows green for a moment.
Prince Ribbit blinks!
The wall freezes Prince Ribbit.
Prince Ribbit hits you!
Unknown command.
Casting: Frozen Ramparts (dangerous; 13% risk of failure)
Confirm with . or Enter, or press ? or * to list all spells.
A film of ice covers your body!
The wall freezes Prince Ribbit.
Prince Ribbit barely misses you.
The wall freezes the vault guard.
The vault guard completely misses you.
The wall freezes Prince Ribbit.
Prince Ribbit seems to slow down.
Prince Ribbit winks and puckers his lips.
Prince Ribbit hits you!
* * * LOW HITPOINT WARNING * * *
The wall freezes the vault guard.
The vault guard hits you with a +0 broad axe!
* * * LOW HITPOINT WARNING * * *
You feel better.
The wall freezes Prince Ribbit.
You kill Prince Ribbit!
The wall freezes the vault guard.
The vault guard hits you with a +0 broad axe!
You die...

##≈≈≈##'##≈≈≈##
#≈≈≈.p....≈≈≈≈#
##....≈≈..≈≈≈≈≈##
#)≈≈≈≈≈.....≈≈≈≈#
#'###≈≈≈≈...≈≈≈≈#
#[.≈##≈≈....≈≈≈≈#
#≈..≈#≈≈....≈≈≈≈###
##≈.p##≈≈...≈≈≈≈#.##
#≈..@#≈≈..≈≈≈≈##..##
##≈..#≈≈.≈≈≈≈≈#....##
#####≈≈.≈##≈##.....#
#≈≈..≈####......#
#≈≈..≈#..'..))[.#
###'###.p####'###
#.....#...##≈≈≈##
#.....#...#≈≈≈≈≈#
#.)####...#≈≈≈≈≈#


You could see a vault guard.

Vanquished Creatures
  A vault guard (Bailey)
  Prince Ribbit (Bailey)
  3 humans (Bailey)
  A water moccasin (D:6)
  2 ice beasts
  An orc warrior (Bailey)
  A sky beast (D:6)
  A necrophage (D:6)
  4 ogres
  A centaur (D:6)
  A kobold brigand (D:6)
  11 bullfrogs
  3 scorpions
  A water moccasin zombie (D:6)
  A wyvern skeleton (D:6)
  2 water moccasin skeletons
  3 killer bees (D:7)
  11 wights
  A howler monkey (D:5)
  A bullfrog skeleton (D:6)
  2 hounds
  Crazy Yiuf (D:2)
  2 jellies
  3 iguanas
  2 hound zombies
  Robin (D:4)
  7 gnolls
  2 adders
  2 white imps
  2 ufetubi (D:4)
  An adder skeleton (D:5)
  3 adder zombies
  2 worms
  4 dart slugs
  3 orcs
  4 bats
  4 endoplasms
  3 giant cockroaches
  18 goblins
  14 hobgoblins
  7 kobolds
  A quokka (D:2)
  5 ball pythons
  A frilled lizard (D:1)
  A kobold zombie (D:5)
  3 orc zombies (D:5)
  A quokka zombie (D:3)
  3 rats
153 creatures vanquished.

Vanquished Creatures (others)
  5 fungi (D:1)
  3 plants (D:1)
8 creatures vanquished.

Grand Total: 161 creatures vanquished

Notes
Turn   | Place    | Note
-------+----------+-------------------------------------------
     0 | D:1      | bnorton916 the Barachi Ice Elementalist began the quest for
                  | the Orb.
     0 | D:1      | Reached XP level 1. HP: 13/13 MP: 3/3
    18 | D:1      | You fall into a shaft and drop 1 floor!
   210 | D:1      | Reached skill level 5 in Ice Magic
   768 | D:1      | Reached XP level 2. HP: 19/19 MP: 1/5
  2013 | D:1      | Reached XP level 3. HP: 22/24 MP: 1/7
  2017 | D:1      | Learned a level 3 spell: Frozen Ramparts
  2021 | D:1      | Learned a level 3 spell: Ozocubu's Armour
  2325 | D:1      | Found a faded altar of an unknown god.
  2952 | D:2      | Found a basalt altar of Yredelemnul.
  3438 | D:2      | Found a runed translucent door.
  3439 | D:2      | Noticed Crazy Yiuf
  3585 | D:2      | Killed Crazy Yiuf
  3586 | D:2      | Reached XP level 4. HP: 17/30 MP: 0/9
  4094 | D:3      | Found a sparkling altar of Nemelex Xobeh.
  4151 | D:3      | Found a shadowy altar of Dithmenos.
  4665 | D:3      | Found a basalt altar of Yredelemnul.
  4808 | D:3      | Reached XP level 5. HP: 31/35 MP: 10/10
  4969 | D:4      | Found a bloodstained altar of Trog.
  4983 | D:4      | Found a hide-covered altar of Uskayaw.
  5025 | D:4      | Noticed Robin
  5037 | D:4      | Killed Robin
  5653 | D:4      | Identified the +10 spear "Wuluemud" {vorpal, rF+}
  5705 | D:4      | Learned a level 4 spell: Hailstorm
  5974 | D:4      | Reached skill level 1 in Armour
  5974 | D:4      | Reached skill level 1 in Conjurations
  5974 | D:4      | Reached XP level 6. HP: 41/41 MP: 8/12
  6369 | D:4      | Noticed an ice beast
  6404 | D:5      | Entered Level 5 of the Dungeon
  6485 | D:5      | Reached skill level 2 in Armour
  6723 | D:5      | Reached XP level 7. HP: 29/46 MP: 6/13
  6969 | D:5      | Reached skill level 3 in Armour
  7498 | D:4      | Reached skill level 4 in Armour
  7768 | D:5      | Reached XP level 8. HP: 52/52 MP: 7/14
  7816 | D:5      | Found a blossoming altar of Fedhas.
  7988 | D:5      | Reached skill level 5 in Dodging
  8247 | D:6      | Reached skill level 5 in Armour
  8815 | D:6      | Reached skill level 5 in Conjurations
  8933 | D:6      | Reached skill level 6 in Armour
  9203 | D:6      | Reached XP level 9. HP: 46/57 MP: 9/15
  9469 | D:6      | Reached skill level 1 in Long Blades
  9800 | D:6      | Reached skill level 7 in Armour
 10351 | D:7      | Found a flagged portal.
 10362 | Bailey   | Entered a bailey
 10372 | Bailey   | Reached skill level 8 in Armour
 10885 | Bailey   | Reached skill level 5 in Long Blades
 10886 | Bailey   | Reached XP level 10. HP: 50/63 MP: 10/16
 11265 | Bailey   | Noticed a vault guard
 11276 | Bailey   | Killed a vault guard
 11277 | Bailey   | Reached skill level 9 in Armour
 11641 | Bailey   | Noticed a vault guard
 11641 | Bailey   | Noticed Prince Ribbit
 11673 | Bailey   | Killed Prince Ribbit
 11673 | Bailey   | Slain by a vault guard

Illustrated notes

Levels and vault maps discovered:
D:1:      dpeg_arrival_arbitrary_c, layout_loops_corners,
          shapermc_ecumenical_altar_hornbeckon
D:2:      layout_basic, basic_altar, uniq_crazy_yiuf_cottage
D:3:      layout_rooms, grunt_dithmenos_smoke_and_mirrors,
          amcnicky_altar_gilded, nicolae_yredelemnul_corpse_copse,
          chequers_serial_rivers_small_b
D:4:      layout_cave_pods, mainiacjoe_overflow_big_doors, chequers_jeans,
          patterned_corridor, uniq_robin
D:5:      layout_loops_ring, mainiacjoe_overflow_paths, minmay_mini_ossuary
D:6:      layout_loops_corners
D:7:      layout_rooms, minmay_temple_entry_grid, enter_bailey_6,
          chequers_serial_rivers_small_3
Bailey:   bailey_axe_froggy_fort_hellmonk, bailey

Skill      XL: |  1  2  3  4  5  6  7  8  9 10 |
---------------+-------------------------------+-----
Ice Magic      | 5 6 |  6.8
Spellcasting   | 3 4 |  4.4
Armour         | 1 2 4 6 8 9 |  9.3
Conjurations   | 1 2 4 5 7 8 |  8.5
Dodging        | 3 4 6 |  6.4
Long Blades    | 5 6 |  6.4
Stealth        | |  1.7

Action                   |  1- 3 |  4- 6 |  7- 9 | 10-12 || total
-------------------------+-------+-------+-------+-------++-------
Melee: Unarmed           |     7 |       |       |       ||     7
       Mace              |       |    36 |       |       ||    36
       Spear             |       |    14 |   184 |    25 ||   223
       Punch             |       |       |     1 |     2 ||     3
Throw: Stone             |     2 |    13 |     6 |       ||    21
 Cast: Freeze            |    49 |     9 |       |       ||    58
       Frozen Ramparts   |     2 |    12 |    25 |     6 ||    45
       Ozocubu's Armour  |     1 |     4 |    25 |     4 ||    34
 Abil: Hop               |       |       |       |     1 ||     1
Evoke: Wand              |       |       |     2 |     2 ||     4
  Use: Scroll            |       |     8 |     2 |     4 ||    14
       Potion            |       |     1 |       |     3 ||     4
 Stab: Sleeping          |       |     3 |     2 |       ||     5
Armor: Robe              |     6 |    41 |    52 |       ||    99
       Leather armour    |       |       |     4 |     4 ||     8
       Scale mail        |       |       |       |     4 ||     4
Dodge: Dodged            |    32 |    40 |   133 |    12 ||   217
